 Dungeon Crawl Stone Soup version 0.25-a0-294-gea9b1ad378 (webtiles) character file.

Game seed: 16203043265712592601, levelgen mode: deterministic

6938 MordorOrchid the Carver (level 11, -2/87 HPs)
             Began as a Gnoll Chaos Knight on Dec 18, 2019.
             Was a Plaything of Xom.
             Slain by a death knight
             ... wielding a +4 broad axe
              (13 damage)
             ... on level 9 of the Dungeon.
             The game lasted 00:45:19 (5668 turns).

MordorOrchid the Carver (Gnoll Chaos Knight)        Turns: 5668, Time: 00:45:20

Health: -2/87      AC: 12    Str: 15    XL:     11   Next: 7%
Magic:  19/19      EV: 10    Int: 25    God:    Xom [..*...]
Gold:   700        SH:  9    Dex: 10    Spells: 21/21 levels left

rFire    + . .     SeeInvis +   m - +8 morningstar "Wavaisy" {flame, rPois rF+ Dex-4}
rCold    . . .     Gourm    .   i - +0 shield of Gikaex {rPois Int+7} (curse)
rNeg     . . .     Faith    .   E - +4 scale mail of Feraf {rPois Regen+}
rPois    +         Spirit   .   (no helmet)
rElec    .         Reflect  .   (no cloak)
rCorr    .         Harm     .   (no gloves)
MR       +....                  (no boots)
Stlth    ++........             F - amulet of the acrobat
HPRegen  0.64/turn              v - ring of see invisible
MPRegen  0.16/turn              K - ring of protection from magic

@: about to teleport, hasted, very quick
A: distributed training, fangs 1, strong nose
a: Renounce Religion


You were on level 9 of the Dungeon.
You worshipped Xom.
You were a toy of Xom.
You were not hungry.

You visited 1 branch of the dungeon, and saw 9 of its levels.
You also visited: Bailey.

You collected 700 gold pieces.

Inventory:

Hand Weapons
 a - a +2 falchion of chaos
 j - a +0 shortbow
 m - the +8 morningstar "Wavaisy" (weapon) {flame, rPois rF+ Dex-4}
   (You found it in a bailey)

   It has been specially enchanted to burn those struck by it, causing extra
   injury to most foes and up to half again as much damage against particularly
   susceptible opponents.
   It affects your dexterity (-4).
   It protects you from fire.
   It protects you from poison.
 p - a +2 spear of piercing
 y - a +0 hand crossbow
 H - a +0 long sword of slicing
 I - a +0 short sword of electrocution
 M - a +0 arbalest
Missiles
 e - 38 bolts
 f - 2 boomerangs
 g - 75 stones
 h - 2 silver boomerangs
 n - 82 sling bullets
 q - 66 arrows
 C - 15 poisoned darts (quivered)
Armour
 b - a +3 leather armour
 i - the cursed +0 shield of Gikaex (worn) {rPois Int+7}
   (You found it in a bailey)

   It affects your intelligence (+7).
   It protects you from poison.
   It has a curse placed upon it.
 E - the +4 scale mail of Feraf (worn) {rPois Regen+}
   (You found it on level 5 of the Dungeon)

   It protects you from poison.
   It increases your rate of regeneration.
 N - the +1 fire dragon scales of Luuno {rF++ rC- Str+3 Dex+2}
   (You found it in a bailey)

   It affects your strength (+3).
   It affects your dexterity (+2).
   It greatly protects you from fire.
   It makes you vulnerable to cold.
Jewellery
 v - a ring of see invisible (left hand)
 F - an amulet of the acrobat (around neck)
 K - a ring of protection from magic (right hand)
 L - an uncursed ring of ice
Wands
 x - a wand of acid (1)
 B - a wand of paralysis (10)
Scrolls
 k - 4 scrolls of enchant armour
 r - a scroll of immolation
 s - a scroll of fear
 t - 3 scrolls of remove curse
 u - 4 scrolls of teleportation
 w - a scroll of magic mapping
 D - 3 scrolls of fog
Potions
 l - 2 potions of agility
 o - 2 potions of resistance
 z - a potion of mutation
Comestibles
 c - 21 rations


   Skills:
 + Level 8.9 Fighting
 + Level 5.9 Short Blades
 + Level 8.9 Long Blades
 + Level 5.9 Axes
 + Level 5.9 Maces & Flails
 + Level 5.9 Polearms
 + Level 5.9 Staves
 + Level 5.9 Slings
 + Level 5.9 Bows
 + Level 5.9 Crossbows
 + Level 5.9 Throwing
 + Level 7.5 Armour
 + Level 6.5 Dodging
 + Level 5.9 Stealth
 + Level 5.9 Shields
 + Level 5.9 Unarmed Combat
 + Level 5.9 Spellcasting
 + Level 4.9 Conjurations
 + Level 4.9 Hexes
 + Level 4.9 Charms
 + Level 4.9 Summonings
 + Level 4.9 Necromancy
 + Level 4.9 Translocations
 + Level 4.9 Transmutations
 + Level 4.9 Fire Magic
 + Level 4.9 Ice Magic
 + Level 4.9 Air Magic
 + Level 4.9 Earth Magic
 + Level 4.9 Poison Magic
 + Level 6.5 Invocations
 + Level 5.9 Evocations


You had 21 spell levels left.
You didn't know any spells.
Your spell library was empty.

Dungeon Overview and Level Annotations

Branches:
Dungeon (9/15)             Temple (0/1) D:6          Bailey (visited)
   Lair: D:8-11         Orc: D:9-12

Altars:
Makhleb
Nemelex Xobeh
Vehumet
Wu Jian
Xom

Annotations:
D:5 3 runed translucent doors, CheeseeCupcake's ghost, novice GrFi; Essalna's ghost, novice DsBe; paps's ghost, novice DESu
D:7 1 runed translucent door, Crazy Yiuf


Innate Abilities, Weirdness & Mutations

Your experience applies equally to all skills.
You have very sharp teeth.
Your uncanny sense of smell can sniff out nearby items.


Message History

Unknown command.
Unknown command.
As you read the scroll of teleportation, it crumbles to dust.
You feel strangely unstable.
The death knight reflects your damage back at you!
* * * LOW HITPOINT WARNING * * *
You block the phantasmal warrior's attack.
The death knight barely misses you.
You feel yourself speed up.
The death knight reflects your damage back at you!
* * * LOW HITPOINT WARNING * * *
You block the phantasmal warrior's attack.
Unknown command.
You barely miss the phantasmal warrior.
You bite the phantasmal warrior, but do no damage.
The phantasmal warrior is moderately damaged.
The death knight reflects your damage back at you!
The death knight hits you with a +4 broad axe!
You die...
Xom giggles madly!

#### ***# #########..# *,.##*
*************#Wp@W......# **...(,
*,,,,,,,,......########.###..#**,
*********#####** #.....#* **
####### #..#### * #.....#
#..#######* #.....# #<).......,
#...[.# ##...#####* #.....#
#....# **, #.....#######.#.## *,,


You could see a death knight, a phantasmal warrior and a freezing wraith.

Vanquished Creatures
  2 two-headed ogres
  A death drake (Bailey)
  An orc knight (Bailey)
  Pikel (D:7)
  A troll (D:8)
  Prince Ribbit (D:7)
  A spriggan (D:7)
  A wyvern (D:8)
  Menkaure (D:4)
  An ice beast (D:5)
  7 orc warriors
  A slave (D:7)
  A black bear (D:7)
  A necrophage (D:6)
  4 ogres
  3 centaurs
  A wyvern zombie (D:9)
  8 bullfrogs
  A gnoll sergeant (D:4)
  2 scorpions
  2 jellies
  4 crimson imps
  3 bullfrog skeletons
  A centaur skeleton (D:6)
  4 hounds
  2 orc priests
  9 orc wizards
  2 iguanas
  3 worker ants
  A killer bee zombie (D:6)
  A hound zombie (D:9)
  7 adders
  5 gnolls
  A worker ant zombie (D:9)
  2 shadow imps
  3 oozes
  2 adder zombies
  2 adder skeletons
  A worm (D:4)
  2 dart slugs
  8 leopard geckos
  47 orcs
  5 bats
  9 giant cockroaches
  2 goblins (D:3)
  5 hobgoblins
  22 jackals
  7 quokkas
  A ball python skeleton (D:4)
  5 frilled lizards
  4 kobolds
  A quokka skeleton (D:7)
  6 rats
219 creatures vanquished.

Vanquished Creatures (collateral kills)
  A bullfrog (D:6)
  An orc priest (D:6)
  An iguana (D:6)
  An orc (D:6)
4 creatures vanquished.

Vanquished Creatures (others)
  A slave (D:7)
  An adder (D:7)
  A leopard gecko (D:7)
  5 toadstools (D:6)
  3 withered plants (D:5)
11 creatures vanquished.

Grand Total: 234 creatures vanquished

Notes
Turn   | Place    | Note
-------+----------+-------------------------------------------
     0 | D:1      | MordorOrchid the Gnoll Chaos Knight began the quest for the
                  | Orb.
     0 | D:1      | Reached XP level 1. HP: 23/23 MP: 1/1
    18 | D:1      | XOM: potion effect (experience)
    18 | D:1      | Reached skill level 5 in Armour
    18 | D:1      | Reached skill level 1 in Conjurations
    18 | D:1      | Reached skill level 1 in Hexes
    18 | D:1      | Reached skill level 1 in Charms
    18 | D:1      | Reached skill level 1 in Summonings
    18 | D:1      | Reached skill level 1 in Necromancy
    18 | D:1      | Reached skill level 1 in Translocations
    18 | D:1      | Reached skill level 1 in Transmutations
    18 | D:1      | Reached skill level 1 in Fire Magic
    18 | D:1      | Reached skill level 1 in Ice Magic
    18 | D:1      | Reached skill level 1 in Air Magic
    18 | D:1      | Reached skill level 1 in Earth Magic
    18 | D:1      | Reached skill level 1 in Poison Magic
    18 | D:1      | Reached XP level 2. HP: 31/31 MP: 1/5
   149 | D:1      | Reached XP level 3. HP: 36/36 MP: 6/6
   422 | D:1      | XOM: mild Tloc miscast
   893 | D:2      | Reached XP level 4. HP: 43/43 MP: 7/7
   904 | D:2      | XOM: harmless Air miscast
  1058 | D:3      | Found a faded altar of an unknown god.
  1110 | D:3      | Noticed a bullfrog
  1123 | D:3      | Killed a bullfrog
  1123 | D:3      | Reached XP level 5. HP: 38/48 MP: 8/8
  1328 | D:3      | XOM: harmless Necr miscast
  1665 | D:3      | XOM: divination: detect creatures
  1741 | D:4      | Noticed Menkaure
  1743 | D:4      | XOM: butterfly on damage
  1750 | D:4      | Killed Menkaure
  1750 | D:4      | Reached XP level 6. HP: 42/55 MP: 8/10
  1998 | D:4      | Reached XP level 7. HP: 35/60 MP: 11/11
  2107 | D:4      | XOM: potion effect (brilliance)
  2182 | D:4      | XOM: potion effect (agility)
  2273 | D:4      | XOM: silly message
  2312 | D:4      | XOM: divination: detect creatures
  2328 | D:4      | XOM: potion effect (agility)
  2361 | D:5      | Entered Level 5 of the Dungeon
  2402 | D:5      | Found a runed translucent gate.
  2402 | D:5      | Found a runed translucent gate.
  2403 | D:5      | Found a runed translucent gate.
  2413 | D:5      | Noticed CheeseeCupcake's ghost (novice GrFi)
  2413 | D:5      | Noticed Essalna's ghost (novice DsBe)
  2414 | D:5      | Noticed paps's ghost (novice DESu)
  2489 | D:5      | Got an encrusted ring mail
  2500 | D:5      | Identified the cursed +0 ring mail "Boareo" {*Contam +Fly
                  | rPois} (You found it on level 5 of the Dungeon)
  2541 | D:5      | Got a translucent scale mail
  2552 | D:5      | Identified the +4 scale mail of Feraf {rPois Regen+} (You
                  | found it on level 5 of the Dungeon)
  2575 | D:5      | Reached XP level 8. HP: 67/67 MP: 13/13
  2737 | D:5      | XOM: harmless Hex miscast
  2902 | D:5      | XOM: confuse monster(s)
  2955 | D:5      | XOM: medium Necr miscast
  2956 | D:5      | Noticed a shadow
  2956 | D:5      | Noticed a shadow
  3186 | D:5      | XOM: butterfly on damage
  3339 | D:6      | XOM: divination: detect creatures
  3366 | D:6      | Found a radiant altar of Vehumet.
  3373 | D:6      | Found a burning altar of Makhleb.
  3470 | D:6      | XOM: summons friendly shadow imp
  3474 | D:6      | Reached XP level 9. HP: 74/74 MP: 15/15
  3512 | D:6      | Found a staircase to the Ecumenical Temple.
  3534 | D:6      | XOM: divination: detect creatures
  3539 | D:6      | Reached skill level 5 in Dodging
  3658 | D:7      | Noticed Pikel
  3669 | D:7      | XOM: scenery: create altars
  3674 | D:7      | XOM: enchant monster (good)
  3677 | D:7      | XOM: scenery: create altars
  3687 | D:7      | Killed Pikel
  3706 | D:7      | Reached skill level 5 in Invocations
  3735 | D:7      | XOM: divination: detect items
  3854 | D:7      | XOM: 2-stop teleportation journey
  3889 | D:7      | Noticed Prince Ribbit
  3902 | D:7      | Killed Prince Ribbit
  3953 | D:7      | Found a sparkling altar of Nemelex Xobeh.
  4051 | D:7      | XOM: god gift: scroll of teleportation
  4173 | D:7      | Found a runed translucent door.
  4174 | D:7      | Noticed Crazy Yiuf
  4291 | D:8      | Reached XP level 10. HP: 79/80 MP: 17/17
  4328 | D:8      | Reached skill level 5 in Short Blades
  4328 | D:8      | Reached skill level 5 in Axes
  4328 | D:8      | Reached skill level 5 in Maces & Flails
  4328 | D:8      | Reached skill level 5 in Polearms
  4328 | D:8      | Reached skill level 5 in Staves
  4328 | D:8      | Reached skill level 5 in Slings
  4328 | D:8      | Reached skill level 5 in Bows
  4328 | D:8      | Reached skill level 5 in Crossbows
  4328 | D:8      | Reached skill level 5 in Throwing
  4328 | D:8      | Reached skill level 5 in Stealth
  4328 | D:8      | Reached skill level 5 in Shields
  4328 | D:8      | Reached skill level 5 in Unarmed Combat
  4328 | D:8      | Reached skill level 5 in Spellcasting
  4328 | D:8      | Reached skill level 5 in Evocations
  4438 | D:8      | XOM: noise
  4632 | D:8      | Noticed a two-headed ogre
  4640 | D:8      | XOM: cleaving
  4642 | D:8      | Killed a two-headed ogre
  4795 | D:8      | XOM: scenery: create altars
  4833 | D:8      | XOM: scenery: create altars
  4856 | D:9      | Found a shimmering altar of Xom.
  4865 | D:9      | Found a shimmering altar of Xom.
  4865 | D:9      | Found a shimmering altar of Xom.
  4903 | D:9      | Found a flagged portal.
  4926 | D:9      | Noticed a deep elf mage
  4939 | Bailey   | Entered a bailey
  5164 | Bailey   | Noticed an orc knight
  5165 | Bailey   | Noticed an orc knight
  5197 | Bailey   | XOM: chaos upgrade
  5205 | Bailey   | Noticed a death drake
  5205 | Bailey   | an orc knight changed into a death drake
  5205 | Bailey   | XOM: polymorph orc knight -> death drake
  5331 | Bailey   | Killed a death drake
  5340 | Bailey   | XOM: harmless Summ miscast
  5345 | Bailey   | Killed an orc knight
  5402 | Bailey   | Got a faintly humming shield
  5404 | Bailey   | Got an ichor-stained morningstar
  5406 | Bailey   | Got brightly glowing fire dragon scales
  5410 | Bailey   | Identified the +1 fire dragon scales of Luuno {rF++ rC-
                  | Str+3 Dex+2} (You found it in a bailey)
  5416 | Bailey   | Identified the cursed +0 shield of Gikaex {rPois Int+7}
                  | (You found it in a bailey)
  5463 | Bailey   | Identified the +8 morningstar "Wavaisy" {flame, rPois rF+
                  | Dex-4} (You found it in a bailey)
  5517 | D:9      | Found an ornate altar of the Wu Jian Council.
  5576 | D:9      | Found a shimmering altar of Xom.
  5579 | D:9      | Found a shimmering altar of Xom.
  5579 | D:9      | Found a shimmering altar of Xom.
  5580 | D:9      | Found a shimmering altar of Xom.
  5587 | D:9      | Found a shimmering altar of Xom.
  5610 | D:9      | XOM: divination: detect items
  5633 | D:9      | Noticed a two-headed ogre
  5640 | D:9      | Killed a two-headed ogre
  5640 | D:9      | Reached XP level 11. HP: 76/87 MP: 19/19
  5648 | D:9      | Noticed a phantasmal warrior
  5657 | D:9      | Noticed a death knight
  5659 | D:9      | Noticed a phantasmal warrior
  5668 | D:9      | Slain by a death knight

Levels and vault maps discovered:
D:1:      minmay_arrival_radiant_lines, layout_basic
D:2:      layout_basic
D:3:      layout_basic, first_ration, chequers_ecumenical_altar_twisty
D:4:      layout_cave_pools, tgw_sif, uniq_menkaure
D:5:      layout_loops_corners, gammafunk_ghost_cemetery
D:6:      layout_rooms, grunt_temple_overflow_lords_of_destruction,
          minmay_temple_entry_tees, minmay_gold_behind_fungi
D:7:      layout_basic, nicolae_overflow_hidden_temple, the_bakery, uniq_pikel,
          uniq_crazy_yiuf_cottage, uniq_prince_ribbit1
D:8:      layout_layer_cave
D:9:      gammafunk_the_bubble [the_bubble_gammafunk_roulette], layout_rooms,
          nicolae_overflow_crystal_walls, enter_bailey_6, xom_shifter_show

Skill      XL: |  1  2  3  4  5  6  7  8  9 10 |
---------------+-------------------------------+-----
Fighting       | 7 8 |  8.9
Short Blades   | 2 3 4 5 |  5.9
Long Blades    | 7 8 |  8.9
Axes           | 2 3 4 5 |  5.9
Maces & Flails | 2 3 4 5 |  5.9
Polearms       | 2 3 4 5 |  5.9
Staves         | 2 3 4 5 |  5.9
Slings         | 2 3 4 5 |  5.9
Bows           | 2 3 4 5 |  5.9
Crossbows      | 2 3 4 5 |  5.9
Throwing       | 2 3 4 5 |  5.9
Armour         | 5 6 7 |  7.5
Dodging        | 3 4 5 6 |  6.5
Stealth        | 2 3 4 5 |  5.9
Shields        | 2 3 4 5 |  5.9
Unarmed Combat | 2 3 4 5 |  5.9
Spellcasting   | 2 3 4 5 |  5.9
Conjurations   | 1 2 3 4 |  4.9
Hexes          | 1 2 3 4 |  4.9
Charms         | 1 2 3 4 |  4.9
Summonings     | 1 2 3 4 |  4.9
Necromancy     | 1 2 3 4 |  4.9
Translocations | 1 2 3 4 |  4.9
Transmutations | 1 2 3 4 |  4.9
Fire Magic     | 1 2 3 4 |  4.9
Ice Magic      | 1 2 3 4 |  4.9
Air Magic      | 1 2 3 4 |  4.9
Earth Magic    | 1 2 3 4 |  4.9
Poison Magic   | 1 2 3 4 |  4.9
Invocations    | 2 3 4 5 6 |  6.5
Evocations     | 2 3 4 5 |  5.9

Action                   |  1- 3 |  4- 6 |  7- 9 | 10-12 || total
-------------------------+-------+-------+-------+-------++-------
Melee: Falchion          |    61 |   130 |   309 |    73 ||   573
       Bite              |     7 |    18 |    46 |     9 ||    80
       Punch             |     1 |     2 |     3 |     3 ||     9
       Spear             |       |       |       |    42 ||    42
       Morningstar       |       |       |       |    27 ||    27
 Fire: Shortbow          |       |       |       |    73 ||    73
Throw: Stone             |       |     7 |       |       ||     7
       Boomerang         |       |       |    17 |     3 ||    20
       Dart              |       |       |       |    20 ||    20
Evoke: Wand              |       |       |     4 |    13 ||    17
  Use: Scroll            |     2 |     9 |     7 |     3 ||    21
       Potion            |       |     1 |     2 |     3 ||     6
 Stab: Sleeping          |     4 |     2 |     2 |       ||     8
       Petrifying        |     2 |       |     1 |       ||     3
       Confused          |     1 |     1 |     3 |       ||     5
       Paralysed         |       |     1 |     8 |       ||     9
       Petrified         |       |       |     5 |       ||     5
       Distracted        |       |       |     2 |       ||     2
  Eat: Chunk             |       |     4 |     8 |     5 ||    17
Armor: Leather armour    |    20 |    29 |     6 |       ||    55
       Scale mail        |       |       |    92 |    22 ||   114
Dodge: Dodged            |    28 |    86 |   166 |    79 ||   359
Block: Shield            |       |       |       |    11 ||    11
       Rpst.: Falchion   |     6 |    23 |    51 |    12 ||    92

Table legend:
 A = Non-vault XP
 B = Vault XP
 C = Vault XP percentage of total XP
 D = Non-vault monster count
 E = Vault monster count
 F = Vault count percentage of total count
                 A         B        C        D         E       F
            +---------+---------+-------+---------+---------+-------
      Total |    6833 |    3069 |  31.0 |     199 |      23 |  10.4
            +---------+---------+-------+---------+---------+-------
        D:1 |      40 |       0 |   0.0 |      16 |       0 |   0.0
        D:2 |      36 |       0 |   0.0 |      10 |       0 |   0.0
        D:3 |     154 |       0 |   0.0 |      29 |       0 |   0.0
        D:4 |     727 |     165 |  18.5 |      30 |       1 |   3.2
        D:5 |     746 |       0 |   0.0 |      29 |       0 |   0.0
        D:6 |     871 |      46 |   5.0 |      27 |       1 |   3.6
        D:7 |     537 |    1137 |  67.9 |      16 |       3 |  15.8
        D:8 |    2278 |       0 |   0.0 |      26 |       0 |   0.0
        D:9 |    1444 |       0 |   0.0 |      16 |       0 |   0.0
     Bailey |       0 |    1721 | 100.0 |       0 |      18 | 100.0
            +---------+---------+-------+---------+---------+-------
